 Dungeon Crawl Stone Soup version 0.20.1-1-g8b1a95d (webtiles) character file.

319 Knicklaso the Chiller (level 6, -7/45 HPs)
             Began as a Ghoul Ice Elementalist on July 18, 2017.
             Was an Initiate of Vehumet.
             Mangled by an ogre
             ... wielding a +0 giant club
              (19 damage)
             ... on level 5 of the Dungeon.
             The game lasted 00:15:27 (2765 turns).

Knicklaso the Chiller (Ghoul Ice Elementalist)      Turns: 2765, Time: 00:15:28

Health: -7/45      AC:  7    Str: 12    XL:     6   Next: 46%
Magic:  0/11       EV: 12    Int: 12    God:    Vehumet [......]
Gold:   130        SH:  0    Dex:  9    Spells: 7/13 levels left

rFire    . . .     SeeInvis .   (no weapon)
rCold    + . .     Gourm    .   (no shield)
rNeg     + + +     Faith    .   a - +0 robe
rPois    ∞         Spirit   .   (no helmet)
rElec    .         Reflect  .   (no cloak)
rCorr    .         Harm     .   (no gloves)
MR       .....                  (no boots)
Stlth    ++........             (no amulet)
Regen    0.0/turn               (no ring)
MPRegen  0.2/turn               (no ring)

@: icy armour, rotting, slow
A: rotting body, claws 1, carnivore 3, cold resistance 1, negative energy
resistance 3, inhibited regeneration, torment resistance, unbreathing
a: Renounce Religion


You were on level 5 of the Dungeon.
You worshipped Vehumet.
Vehumet was noncommittal.
You were not hungry.

You visited 1 branch of the dungeon, and saw 5 of its levels.

You collected 130 gold pieces.

Inventory:

Hand Weapons
 i - a +2 vampiric whip
Armour
 a - a +0 robe (worn)
 s - a +2 hat
Jewellery
 d - an uncursed amulet of regeneration {unknown}
 e - a cursed ring of loudness {unknown}
Scrolls
 g - a scroll of teleportation {unknown}
 h - 2 scrolls of fog {unknown}
 k - 3 scrolls of enchant weapon {unknown}
 l - a scroll of random uselessness {unknown}
 m - 4 scrolls of identify {unknown}
 n - a scroll of fear {unknown}
 q - a scroll of enchant armour {unknown}
 r - a scroll of amnesia {unknown}
 w - a scroll of noise {unknown}
Potions
 f - 2 potions of lignification {unknown}
 j - 4 potions of curing {unknown}
 o - a potion of haste {unknown}
 p - a potion of flight {unknown}
 t - a potion of heal wounds {unknown}
 v - a potion of cancellation {unknown}
Books
 b - a book of Frost

   Spells                             Type                      Level
   a - Freeze                         Ice                          1
   b - Throw Frost                    Conjuration/Ice              2
   c - Ozocubu's Armour               Charms/Ice                   3
   d - Throw Icicle                   Conjuration/Ice              4
   e - Summon Ice Beast               Ice/Summoning                4
 x - a book of Cantrips

   Spells                             Type                      Level
   a - Confusing Touch                Hexes                        1
   b - Animate Skeleton               Necromancy                   1
   c - Summon Small Mammal            Summoning                    1
   d - Apportation                    Translocation                1
Comestibles
 c - 2 meat rations


   Skills:
 - Level 1.7 Dodging
 - Level 2.1 Stealth
 + Level 4.2 Spellcasting
 - Level 0.7 Conjurations
 + Level 5.7 Ice Magic


You had 7 spell levels left.
You knew the following spells:

 Your Spells              Type           Power        Failure   Level  Hunger
a - Freeze                Ice            ###.         1%          1    None
b - Throw Frost           Conj/Ice       ##....       9%          2    ##.....
c - Ozocubu's Armour      Chrm/Ice       #.......     21%         3    ###....


Dungeon Overview and Level Annotations

Branches:
Dungeon (5/15)
 Temple: D:4-7

Altars:
Fedhas
Vehumet

Annotations:
D:4 Grinder


Innate Abilities, Weirdness & Mutations

Your body is rotting away.
You thrive on raw meat.
You are immune to poison.
You have sharp fingernails.
You are carnivorous and can eat meat at any time.
Your flesh is cold resistant. (rC+)
You are immune to negative energy. (rN+++)
You do not regenerate when monsters are visible.
You are immune to unholy pain and torment.
You can survive without breathing.


Message History

The ogre is moderately wounded.
Casting: Freeze
Confirm with . or Enter, or press ? or * to list all spells.
Aiming: Freeze
Press: ? - help, Shift-Dir - straight line, f/p - ogre
Aim: an ogre, wielding a giant club (moderately wounded)
You freeze the ogre.
The ogre is heavily wounded.
The ogre barely misses you.
Casting: Freeze
Confirm with . or Enter, or press ? or * to list all spells.
Okay, then.
Okay, then.
You scratch the ogre.
The ogre is heavily wounded.
The ogre closely misses you.
You scratch the ogre.
The ogre is severely wounded.
The ogre hits you with a giant club!!
You die...

### ..# #.#
#.#
#####.#####
#.O@.<....#
#.###.###.#
# #.# #..
#... .h...
#.....
##.#..#


You could see an ogre.

Vanquished Creatures
  An ogre (D:4)
  A hound (D:3)
  Jessica (D:2)
  Natasha (twice) (D:2)
  A worker ant (D:3)
  2 adders (D:2)
  An ooze (D:1)
  A worm (D:4)
  A dart slug (D:1)
  A leopard gecko (D:2)
  9 orcs
  9 bats
  4 giant cockroaches
  7 hobgoblins
  4 jackals
  2 ball pythons
  6 frilled lizards
  7 goblins
  4 kobolds
  8 rats
72 creatures vanquished.

Notes
Turn   | Place    | Note
-------+----------+-------------------------------------------
     0 | D:1      | Knicklaso the Ghoul Ice Elementalist began the quest for the Orb.
     0 | D:1      | Reached XP level 1. HP: 14/14 MP: 2/2
   145 | D:1      | Reached XP level 2. HP: 16/20 MP: 0/3
   671 | D:1      | Reached skill level 4 in Ice Magic
   671 | D:1      | Reached XP level 3. HP: 22/26 MP: 0/5
   891 | D:2      | Found a blossoming altar of Fedhas.
   895 | D:2      | Noticed Jessica
   901 | D:2      | Killed Jessica
   901 | D:2      | Reached XP level 4. HP: 33/33 MP: 1/7
   959 | D:2      | Noticed Natasha
   989 | D:2      | Killed Natasha
  1319 | D:2      | Reached XP level 5. HP: 38/38 MP: 6/8
  1321 | D:2      | Noticed Natasha
  1326 | D:2      | Killed Natasha
  1561 | D:3      | Reached skill level 5 in Ice Magic
  1806 | D:3      | Found a radiant altar of Vehumet.
  1926 | D:3      | Became a worshipper of Vehumet
  2025 | D:3      | Reached XP level 6. HP: 45/45 MP: 7/10
  2616 | D:4      | Learned a level 2 spell: Throw Frost
  2620 | D:4      | Learned a level 3 spell: Ozocubu's Armour
  2703 | D:4      | Noticed Grinder
  2752 | D:4      | Paralysed by Grinder for 3 turns
  2759 | D:5      | Entered Level 5 of the Dungeon
  2765 | D:5      | Mangled by an ogre

Skill      XL: |  1  2  3  4  5  6 |
---------------+-------------------+-----
Spellcasting   | 2 3 4 |  4.2
Ice Magic      | 4 5 |  5.7
Dodging        | |  1.7
Stealth        | |  2.1
Conjurations   | |  0.7

Action                   |  1- 3 |  4- 6 || total
-------------------------+-------+-------++-------
Melee: Unarmed           |    38 |    25 ||    63
 Cast: Freeze            |    43 |    91 ||   134
       Ozocubu's Armour  |       |     2 ||     2
       Throw Frost       |       |     1 ||     1
  Eat: Chunk             |    10 |    28 ||    38
Armor: Robe              |     9 |    10 ||    19
Dodge: Dodged            |    48 |    47 ||    95
